 Dungeon Crawl Stone Soup version 0.29.1-12-g30fa7ad0bf (webtiles) character file.

Game seed: 4220273008054913928

25 Pepete the Shield-Bearer (level 3, 0/29 HPs)
             Began as a Formicid Fighter on Dec 24, 2022.
             Succumbed to an adder's poison
             ... on level 1 of the Dungeon.
             The game lasted 00:01:26 (1841 turns).

Pepete the Shield-Bearer (Formicid Fighter)         Turns: 1841, Time: 00:01:27

Health: 0/29       AC:  6    Str: 19 (22) XL:     3   Next: 20%
Magic:  3/3        EV:  9    Int:  5 (7)  God:
Gold:   79         SH:  4    Dex: 11 (13) Spells: 2/2 levels left

rFire   . . .      SeeInvis +   a - +0 war axe
rCold   . . .      Faith    .   c - +0 buckler
rNeg    . . .      Spirit   .   b - +0 scale mail
rPois   .          Reflect  .   (helmet unavailable)
rElec   .          Harm     .   (no cloak)
rCorr   .          Rampage  .   (no gloves)
Will    .....                   (no boots)
Stlth   ..........              (no amulet)
HPRegen 0.09/turn               (no ring)
MPRegen 0.08/turn               (no ring)

@: mighty, lethally poisoned (0 -> -1)
A: permanent stasis, dig shafts and tunnels, antennae 3, four strong arms
a: Dig, Shaft Self


You were on level 1 of the Dungeon.
You visited 1 branch of the dungeon, and saw 2 of its levels.

You collected 79 gold pieces.

Inventory:

Hand Weapons
 a - a +0 war axe (weapon)
Armour
 b - a +0 scale mail (worn)
 c - a +0 buckler (worn)
Jewellery
 l - a ring of ice
Scrolls
 f - a scroll of acquirement {unknown}
Potions
 e - a potion of ambrosia
 i - a potion of haste


   Skills:
 * Level 3.6 Fighting
 * Level 2.3 Axes
 * Level 3.6 Armour
 + Level 0.3 Dodging
 * Level 4.3 Shields


You had 2 spell levels left.
You didn't know any spells.
Your spell library was empty.

Dungeon Overview and Level Annotations

Branches:
Dungeon (2/15)

Altars:
Nemelex Xobeh


Innate Abilities, Weirdness & Mutations

You cannot be hasted, slowed, berserked, paralysed or teleported.
You can dig through walls and to a lower floor.
You have a pair of large antennae on your head. (SInv)
Your four strong arms can wield two-handed weapons with a shield.


Message History

You are too injured to fight recklessly!
You are too injured to fight recklessly!
You are too injured to fight recklessly!
You are too injured to fight recklessly!
You are too injured to fight recklessly!
You are too injured to fight recklessly!
You are too injured to fight recklessly!
You are too injured to fight recklessly!
You are too injured to fight recklessly!
You are too injured to fight recklessly!
You are too injured to fight recklessly!
You are too injured to fight recklessly!
You are too injured to fight recklessly!
You barely miss the adder.
The adder is severely wounded.
* * * LOW HITPOINT WARNING * * *
You feel very sick. The adder barely misses you.
The adder bites you but does no damage.
You feel very mighty all of a sudden.
* * * LOW HITPOINT WARNING * * *
You feel sick. The adder bites you but does no damage.
You closely miss the adder.
The adder is severely wounded.
* * * LOW HITPOINT WARNING * * *
You feel sick. The adder barely misses you.
The adder bites you but does no damage.
You slash the adder!
You kill the adder!
* * * LOW HITPOINT WARNING * * *
You feel sick.
An endoplasm comes into view.
You have reached level 3!
Your experience leads to an increase in your attributes!
Your base attributes are Str 20, Int 7, Dex 13.
Increase (S)trength, (I)ntelligence, or (D)exterity?
You feel stronger. x2
* * * LOW HITPOINT WARNING * * *
You feel sick.
You climb upwards.
You die...

#...........# ##......#
#.......###.### #.......#
........# #...# ##'###...#
...###### #.#.##♣...♣#...#
...# #.#.##.....#...# ...#
######.#..#..♣♣.#...# ...#
#........##♣...♣#...########
...#
#........########...........
...#
#..........@................
...#
#........##.................
...#
#........###########........
...# #........# #........
#### #........# #........
#...)....# #........
#........# #........
#........# #........
#........# #########


There were no monsters in sight!

Vanquished Creatures
  An adder (D:2)
  A ball python (D:1)
  3 endoplasms (D:1)
  2 hobgoblins (D:1)
  2 quokkas (D:1)
  A bat (D:1)
  A frilled lizard (D:1)
  3 kobolds (D:1)
14 creatures vanquished.

Notes
Turn   | Place    | Note
-------+----------+-------------------------------------------
     0 | D:1      | Pepete the Formicid Fighter began the quest for the Orb.
     0 | D:1      | Reached XP level 1. HP: 18/18 MP: 1/1
   553 | D:1      | Reached XP level 2. HP: 24/24 MP: 2/2
   593 | D:1      | Found a faded altar of an unknown god.
  1825 | D:2      | Found a sparkling altar of Nemelex Xobeh.
  1839 | D:2      | HP: 1/24 [poisoned by an adder]
  1840 | D:2      | Reached XP level 3. HP: 2/29 MP: 3/3
  1841 | D:1      | Succumbed to an adder's poison

Illustrated notes

Levels and vault maps discovered:
D:1:      amcnicky_arrival_flooded_fountain, layout_basic,
          hellmonk_ecumenical_altar_leap_of_faith, chequers_arboretum
D:2:      layout_rooms, basic_altar, st_stairs_13, dk_noncrumbling_3

Action                   || total
-------------------------++-------
Melee: War axe           ||    67
  Use: Potion            ||     6
       Scroll            ||     4
Armor: Scale mail        ||    40
Dodge: Dodged            ||    41
Block: Buckler           ||    19
